 Dungeon Crawl Stone Soup version 0.31-a0-188-g5e087ee2ca (webtiles) character file.

Game seed: 4566911647885194048

3066 IdlyInterested the Carver (level 9, 0/67 HPs)
             Began as a Demonspawn Fighter on June 23, 2023.
             Slain by an orc warrior
             ... wielding a +0 halberd of protection
              (16 damage)
             ... on level 7 of the Dungeon.
             The game lasted 00:23:41 (8258 turns).

IdlyInterested the Carver (Demonspawn Fighter)      Turns: 8258, Time: 00:23:42

Health: 0/67       AC:  9    Str: 17    XL:     9   Next: 57%
Magic:  9/9        EV: 12    Int:  9    God:
Gold:   505        SH:  5    Dex: 17    Spells: 8/8 levels left

rFire   . . .        J - +2 long sword (vamp)
rCold   + . .        c - +0 buckler
rNeg    . . .        C - +2 ring mail {rC+}
rPois   .            s - +0 helmet
rElec   .            (no cloak)
rCorr   .            (no gloves)
SInv    .            (no boots)
Will    +....        (no amulet)
Stlth   ++           m - +4 ring of slaying
HPRegen 0.31/turn    q - ring of willpower
MPRegen 0.11/turn

%: no passive effects
@: mighty
A: demonic guardian 1, spiny 1, sharp scales 1
a: no special abilities


You were on level 7 of the Dungeon.
You visited 2 branches of the dungeon, and saw 8 of its levels.
You also visited: Ossuary.

You collected 505 gold pieces.

Inventory:

Hand Weapons
 a - a +0 long sword
 h - a +0 long sword
 p - a +0 rapier
 t - a +0 falchion
 v - a +2 dagger of venom
 A - a +0 falchion
 J - a +2 vampiric long sword (weapon)
 L - a +2 dagger of speed
 M - a +0 long sword
 Q - a +4 falchion
 R - a +1 falchion
 V - a +3 dagger
 W - a +0 falchion
 X - a +0 falchion
Missiles
 f - 20 stones
 i - 5 boomerangs
 l - 9 poisoned darts (quivered)
 u - 2 throwing nets
 x - 6 datura-tipped darts
Armour
 c - a +0 buckler (worn)
 s - a +0 helmet (worn)
 C - a +2 ring mail of cold resistance (worn)
 N - a +0 plate armour
Magical Staves
 e - a staff of fire
Jewellery
 m - a +4 ring of slaying (left hand)
 q - a ring of willpower (right hand)
 r - a +6 ring of strength
 y - a ring of positive energy
 E - a ring of willpower
 O - an amulet of faith
 U - a ring of poison resistance
Wands
 z - a wand of charming (13)
 K - a wand of light (8)
 P - a wand of flame (18)
Scrolls
 b - a scroll of blinking
 j - a scroll of poison
 k - 2 scrolls of teleportation
 o - a scroll of silence
 w - 2 scrolls of identify
 H - 2 scrolls of fog
 I - a scroll of acquirement
 T - a scroll of immolation
Potions
 d - a potion of might
 g - a potion of resistance
 n - 7 potions of curing
 B - a potion of attraction
 D - a potion of heal wounds
 F - 2 potions of ambrosia
 G - 2 potions of brilliance
 S - a potion of magic


   Skills:
 + Level 4.9 Fighting
 * Level 10.3 Long Blades
 - Level 2.0 Throwing
 - Level 2.6 Armour
 - Level 4.0 Dodging
 - Level 3.0 Stealth
 - Level 2.6 Shields
 - Level 2.0 Evocations


You had 8 spell levels left.
You didn't know any spells.
Your spell library contained the following spells:

 Spells                   Type           Power      Damage    Failure   Level
 Cigotuvi's Dreadful Rot  Necr/Pois/Air  0%         N/A       82%         2
 Ignite Poison            Fire/Tmut/Pois 0%         N/A       96%         3
 Freezing Cloud           Conj/Ice/Air   0%         6-21      100%        5


Dungeon Overview and Level Annotations

Branches:
Dungeon (7/15)             Temple (1/1) D:4         Ossuary (visited)

Altars:
Ashenzari
Cheibriados
Dithmenos
Fedhas
Gozag
Hepliaklqana
Kikubaaqudgha
Makhleb
Nemelex Xobeh
Qazlal
Sif Muna
Trog
Uskayaw
Vehumet
Wu Jian
Xom
Yredelemnul

Shops:
D:2 (   D:5 =


Innate Abilities, Weirdness & Mutations

A weak demonic guardian rushes to your aid.
You are partially covered in sharp spines.
You are partially covered in razor-sharp scales. (AC +1, Slay +1)


Message History

You hit the white imp.
The white imp is almost dead.
The white imp gestures at you. The puff of frost hits you. You resist.
You block the sky beast's attack.
The orc warrior hits you from afar with a +0 halberd of protection!
A demonic guardian appears!
You closely miss the white imp.
The white imp is almost dead.
Your ufetubus barely misses the sky beast.
Your ufetubus closely misses the sky beast.
The sky beast hits you but does no damage.
The white imp is struck by your spines.
You kill the white imp!
The orc warrior closely misses you.
Your ufetubus misses the sky beast.
Your ufetubus hits the sky beast but does no damage.
You block the sky beast's attack. The orc warrior barely misses you.
Your ufetubus hits the sky beast but does no damage.
Your ufetubus closely misses the sky beast.
You barely miss the orc warrior.
The orc warrior is moderately wounded.
Your ufetubus hits the sky beast.
Your ufetubus completely misses the sky beast.
The sky beast misses you. You block the orc warrior's attack.
You barely miss the orc warrior.
The orc warrior is moderately wounded.
Your ufetubus hits the sky beast.
Your ufetubus closely misses the sky beast.
The sky beast hits you but does no damage.
You block the orc warrior's attack.
You hit the orc warrior but do no damage.
The orc warrior is moderately wounded.
Your ufetubus barely misses the sky beast.
Your ufetubus closely misses the sky beast.
The sky beast is struck by your spines. The sky beast hits you.
The sky beast shocks you.
* * * LOW HITPOINT WARNING * * *
Your ufetubus closely misses the sky beast. x2
The orc warrior hits you with a +0 halberd of protection!
You die...

#### ###.#####..
#>... ........)..
"..#### ###########
#....# #..........
#....## #.#########
#.....###)#
#.....)##.#########
#5...#†............
#Y@^.####.#.#######
#†o..# #.#.# #...
#....# ..# # #...
........ .## #...
.§§#....... #...
.§.§~~~~§#§. ####
..#§§≈≈≈≈§§#.
...§~≈.#..≈≈~


You could see an orc warrior, a sky beast (ally target) and a friendly ufetubus
(summoned).

Vanquished Creatures
  A steam dragon (D:7)
  2 ice beasts (D:6)
  3 black bears
  An orc warrior (D:6)
  2 sky beasts (D:7)
  An ogre (D:5)
  A centaur (D:7)
  6 elf zombies
  Blork the orc (D:6)
  A bullfrog (D:7)
  2 scorpions (D:6)
  4 wights (D:6)
  2 howler monkeys
  A centaur zombie (Ossuary)
  2 hounds (D:6)
  5 human zombies
  2 orc priests
  A jelly (D:6)
  An iron imp (D:5)
  2 human skeletons (D:5)
  5 iguanas
  7 orc wizards
  3 mummies (Ossuary)
  7 gnolls
  5 adders
  A shadow imp (D:3)
  A white imp (D:7)
  2 worms
  A dart slug (D:3)
  16 orcs
  2 bats
  6 endoplasms
  2 giant cockroaches
  6 goblins
  5 hobgoblins
  3 jackals (D:2)
  2 quokkas
  5 ball pythons
  A frilled lizard (D:2)
  2 goblin skeletons (D:5)
  4 hobgoblin zombies (D:5)
  6 kobolds
  2 kobold zombies (D:5)
  2 orc skeletons (D:5)
  3 orc zombies (D:5)
  3 rats
  A spectral orc (D:6)
144 creatures vanquished.

Vanquished Creatures (collateral kills)
  An elf zombie (Ossuary)
  A human zombie (Ossuary)
  A sleepcap (D:3)
  An adder (D:5)
  A worm (D:3)
  The ghost of AwFulAwFulPlayer the Sneak, a weakling DrDe (D:3)
  An orc (D:4)
  A giant cockroach (D:2)
  A kobold (D:2)
9 creatures vanquished.

Vanquished Creatures (others)
  An orc priest (D:6)
  A gnoll (D:6)
2 creatures vanquished.

Grand Total: 155 creatures vanquished

Notes
Turn   | Place    | Note
-------+----------+-------------------------------------------
     0 | D:1      | IdlyInterested the Demonspawn Fighter began the quest for
                  | the Orb.
     0 | D:1      | Reached XP level 1. HP: 18/18 MP: 1/1
   230 | D:1      | Reached skill level 2 in Long Blades
   704 | D:1      | Gained mutation: A weak demonic guardian rushes to your
                  | aid. [demonic ancestry]
   704 | D:1      | Reached XP level 2. HP: 22/24 MP: 2/2
  1084 | D:2      | Found Boreodghe's Weapon Shop.
  1084 | D:2      | Found an opulent altar of Gozag.
  1166 | D:2      | Reached skill level 1 in Dodging
  1280 | D:2      | Reached XP level 3. HP: 29/29 MP: 3/3
  1318 | D:2      | Reached skill level 3 in Long Blades
  1658 | D:2      | Reached skill level 1 in Stealth
  1845 | D:3      | Reached XP level 4. HP: 21/35 MP: 4/4
  1850 | D:3      | Reached skill level 1 in Evocations
  2214 | D:3      | Found a large runed translucent door.
  2215 | D:3      | Found a large runed translucent door.
  2369 | D:3      | Reached skill level 4 in Long Blades
  2369 | D:3      | Reached skill level 1 in Throwing
  2369 | D:3      | Reached XP level 5. HP: 32/41 MP: 5/5
  2668 | D:3      | Found a runed translucent gate.
  2668 | D:3      | Found a runed translucent gate.
  2668 | D:3      | Found a runed translucent gate.
  2670 | D:3      | Found an opulent altar of Gozag.
  2674 | D:3      | Noticed AwFulAwFulPlayer's ghost (weakling DrDe)
  2922 | D:3      | Found a shimmering blue altar of Sif Muna.
  2928 | D:3      | Found an ancient bone altar of Kikubaaqudgha.
  3002 | D:3      | Killed AwFulAwFulPlayer's ghost
  3511 | D:4      | Found a radiant altar of Vehumet.
  3528 | D:4      | Reached XP level 6. HP: 8/47 MP: 6/6
  3734 | D:4      | Reached skill level 5 in Long Blades
  4522 | D:4      | Found a staircase to the Ecumenical Temple.
  4528 | Temple   | Entered the Ecumenical Temple
  4528 | Temple   | Found a transporter.
  4528 | Temple   | Found a transporter.
  4530 | Temple   | Found a transporter.
  4530 | Temple   | Found a transporter.
  4689 | D:5      | Entered Level 5 of the Dungeon
  4749 | D:5      | Found a sand-covered staircase.
  4759 | Ossuary  | Entered an ossuary
  4800 | Ossuary  | Gained mutation: You are partially covered in razor-sharp
                  | scales. (AC +1, Slay +1) [demonic ancestry]
  4800 | Ossuary  | Reached XP level 7. HP: 23/52 MP: 7/7
  4815 | Ossuary  | Reached skill level 6 in Long Blades
  5243 | Ossuary  | Reached skill level 7 in Long Blades
  5259 | Ossuary  | Gained mutation: You are partially covered in sharp spines.
                  | [demonic ancestry]
  5259 | Ossuary  | Reached XP level 8. HP: 21/60 MP: 8/8
  5410 | D:5      | Identified a scroll of acquirement
  5601 | D:5      | Found an opulent altar of Gozag.
  5667 | D:5      | Found Hitol's Jewellery Boutique.
  6353 | D:6      | Reached skill level 8 in Long Blades
  6896 | D:6      | Noticed Blork the orc
  6910 | D:6      | Killed Blork the orc
  6923 | D:6      | Reached skill level 9 in Long Blades
  7043 | D:6      | Reached XP level 9. HP: 65/65 MP: 9/9
  7632 | D:6      | Found a basalt altar of Yredelemnul.
  8186 | D:7      | Reached skill level 10 in Long Blades
  8258 | D:7      | Slain by an orc warrior

Illustrated notes

Levels and vault maps discovered:
D:1:      roderic_crossed_star, layout_basic
D:2:      layout_basic, basic_altar, serial_shops, nicolae_shop_stone,
          mrwooster_statue_mirror
D:3:      layout_basic, jmf_multi_god_temple2, ebering_ghost_gozag
D:4:      layout_layer_cave, mainiacjoe_overflow_paths,
          minmay_temple_entry_fiery
D:5:      layout_gridville, nicolae_gozag_seed_capital,
          nicolae_tso_besieged_by_evil, nicolae_ossuary_entry_catacombs,
          serial_shops, nicolae_shop_window_shopping, serial_glass,
          glass_columns_a, glass_columns_b
D:6:      layout_loops_cross, yredelemnul_forgotten_temple_becter,
          serial_aquarium, aquarium_bridge_island_small
          [aquarium_subvault_small_water, aquarium_subvault_bridge,
          aquarium_subvault_bridge, aquarium_subvault_window,
          aquarium_subvault_bridge], aquarium_window_corner, aquarium_window_1,
          aquarium_window_corridor_1, aquarium_view_2b, aquarium_view_2g,
          aquarium_pool_1, chequers_serial_rivers_large_a, nrook_mini_vaults,
          minivault_22, uniq_blork_the_orc
D:7:      layout_basic, hangedman_misty_isle
Temple:   hellmonk_temple_divided_pantheon

Skill      XL: |  1  2  3  4  5  6  7  8  9 |
---------------+----------------------------+-----
Long Blades    | 2 3 4 5 7 9 10 | 10.3
Dodging        | 1 2 3 4 |  4.0
Stealth        | 1 2 3 |  3.0
Evocations     | 1 2 |  2.0
Throwing       | 1 2 |  2.0
Fighting       | 4 |  4.9
Armour         | |  2.6
Shields        | |  2.6

Action                     |  1- 3 |  4- 6 |  7- 9 || total
---------------------------+-------+-------+-------++-------
  Melee: Long sword        |    87 |   138 |   316 ||   541
  Throw: Dart              |     4 |     1 |     6 ||    11
         Stone             |       |     3 |    21 ||    24
    Use: Scroll            |     5 |     1 |     7 ||    13
         Potion            |     3 |     3 |     3 ||     9
   Stab: Sleeping          |       |       |     2 ||     2
 Armour: Scale mail        |    42 |    15 |       ||    57
         Ring mail         |       |    21 |    91 ||   112
  Dodge: Dodged            |    50 |    44 |   106 ||   200
  Block: Buckler           |    28 |    14 |    50 ||    92

Table legend: (Time is in decaauts)
 A = Elapsed time spent in this place.
 B = Non-inter-level travel time spent in this place.
 C = Inter-level travel time spent in this place.
 D = Time resting spent in this place.
 E = Time spent auto-exploring this place.
 F = Levels seen in this place.
 G = Mean time per level.
                   A        B        C        D        E       F      G
               +--------+--------+--------+--------+--------+-----+--------+
         Total |   8345 |   7542 |    803 |   1272 |   4404 |   9 |  927.2 |
       Dungeon |   7627 |   6824 |    803 |    899 |   4404 |   7 | 1089.6 |
        Temple |     53 |     53 |      0 |      0 |      0 |   1 |   53.0 |
       Ossuary |    664 |    664 |      0 |    373 |      0 |   1 |  664.0 |
               +--------+--------+--------+--------+--------+-----+--------+

Top non-repeatable levels by time:
     D:6: 1613 daAuts
     D:4: 1510 daAuts
     D:3: 1283 daAuts
     D:1: 1073 daAuts
     D:5: 990 daAuts
     D:2: 841 daAuts
 Ossuary: 664 daAuts
     D:7: 315 daAuts
  Temple: 53 daAuts
